 Dungeon Crawl Stone Soup version 0.31-a0-180-g519b7de00c (webtiles) character file.

Game seed: 18187821950648003522

333 pokeman the Magician (level 6, -5/34 HPs)
             Began as a Deep Elf Hedge Wizard on June 20, 2023.
             Killed by nerve-wracking pain
             ... invoked by an orc priest
              (12 damage)
             ... on level 5 of the Dungeon.
             The game lasted 00:07:32 (4343 turns).

pokeman the Magician (Deep Elf Hedge Wizard)        Turns: 4343, Time: 00:07:33

Health: -5/34      AC:  3    Str:  7    XL:     6   Next: 27%
Magic:  2/18       EV: 13    Int: 21    God:
Gold:   270        SH:  0    Dex: 14    Spells: 11/19 levels left

rFire   . . .        q - +1 dagger (venom)
rCold   . . .        (no shield)
rNeg    . . .        b - +0 robe
rPois   .            s - +0 helmet
rElec   .            (no cloak)
rCorr   .            (no gloves)
SInv    .            (no boots)
Will    .....        (no amulet)
Stlth   ++           (no ring)
HPRegen 0.25/turn    (no ring)
MPRegen 0.16/turn

%: no passive effects
@: very slightly contaminated
A: no striking features
a: no special abilities


You were on level 5 of the Dungeon.
You visited 1 branch of the dungeon, and saw 6 of its levels.

You collected 270 gold pieces.

Inventory:

Hand Weapons
 n - a +0 short sword of electrocution
 q - a +1 dagger of venom (weapon)
Missiles
 r - 2 throwing nets
Armour
 b - a +0 robe (worn)
 e - an orb of mayhem
 s - a +0 helmet (worn)
Jewellery
 j - a ring of fire
 k - an amulet of guardian spirit
 p - a ring of ice
Wands
 w - a wand of flame (10)
 x - a wand of light (4)
Scrolls
 f - a scroll of identify {unknown}
 g - a scroll of enchant armour {unknown}
 h - 2 scrolls of teleportation {unknown}
 i - a scroll of acquirement {unknown}
 l - a scroll of noise {unknown}
 m - 3 scrolls of revelation {unknown}
 o - 2 scrolls of fear {unknown}
 u - a scroll of poison {unknown}
Potions
 a - a potion of brilliance {unknown}
 c - 2 potions of attraction {unknown}
 d - a potion of magic
 t - a potion of heal wounds {unknown}
 v - a potion of might {unknown}


   Skills:
 + Level 1.3 Fighting
 - Level 1.0 Armour
 - Level 3.0 Dodging
 - Level 3.0 Stealth
 * Level 7.0 Spellcasting
 + Level 3.1 Conjurations
 + Level 1.6 Summonings
 - Level 1.1 Translocations
 - Level 1.0 Air Magic
 - Level 1.1 Poison Magic


You had 11 spell levels left.
You knew the following spells:

 Your Spells              Type           Power      Damage    Failure   Level
a - Magic Dart            Conj           80%        1d7       2%          1
b - Mephitic Cloud        Conj/Pois/Air  14%        N/A       13%         3
c - Call Imp              Summ           28%        N/A       7%          2
d - Blink                 Tloc           24%        N/A       9%          2

Your spell library contained the following spells:

 Spells                   Type           Power      Damage    Failure   Level
 Beastly Appendage        Tmut           14%        N/A       9%          1
 Freeze                   Ice            28%        1d5       9%          1
 Slow                     Hex            28%        N/A       9%          1
 Cigotuvi's Dreadful Rot  Necr/Pois/Air  20%        N/A       10%         2
 Wereblood                Tmut           7%         N/A       13%         2
 Hailstorm                Conj/Ice       13%        3d5       14%         3
 Gell's Gravitas          Tloc           12%        N/A       17%         3
 Teleport Other           Tloc           12%        N/A       17%         3
 Spider Form              Tmut/Pois      9%         N/A       21%         3
 Frozen Ramparts          Ice            14%        1d3       26%         3
 Dispersal                Tloc           6%         N/A       100%        6


Dungeon Overview and Level Annotations

Branches:
Dungeon (6/15)
 Temple: D:4-7

Altars:
Dithmenos
Kikubaaqudgha
Makhleb
Okawaru
Qazlal
Zin

Shops:
D:4 :

Annotations:
D:6 1 transporter


Message History

The orc priest appears confused.
Unknown command.
Casting: Mephitic Cloud (quite dangerous; 13% risk of failure)
Confirm with . or Enter, or press ? or * to list all spells.
The spell is quite dangerous to miscast (13% risk of failure)!
Continue anyway?
Aiming: Mephitic Cloud (quite dangerous; 13% risk of failure)
Press: ? - help, Shift-Dir - straight line, f - orc priest, p - orc priest
Aim: an orc priest, wielding a +0 whip (chance to affect: 86%)
You miscast Mephitic Cloud.
Nothing appears to happen.
The orc priest mumbles some strange prayers to Beogh against you.
You struggle to resist.
The orc hits you with a +0 whip.
Unknown command.
Unknown command.
Casting: Mephitic Cloud (quite dangerous; 13% risk of failure)
Confirm with . or Enter, or press ? or * to list all spells.
You don't have enough magic to cast this spell.
There are monsters nearby!
You hit the orc.
The orc is poisoned.
The orc is heavily wounded.
The orc barely misses you.
The orc priest calls upon Beogh to heal the orc.
The orc's wounds heal themselves!
Unknown command.
You hit the orc.
The orc looks as sick as possible!
The orc is heavily wounded.
The orc hits you but does no damage.
The orc priest hits the orc priest with a +0 mace.
Unknown command.
The orc closely misses you.
The orc priest mumbles some strange prayers to Beogh against you.
Beogh smites you!
* * * LOW HITPOINT WARNING * * *
Unknown command.
You closely miss the orc priest.
The orc priest is moderately wounded.
You kill the orc!
The orc priest hits the orc priest with a +0 mace!
The orc priest calls down the wrath of Beogh upon you.
Pain shoots through your body!
You die...

... o.
o. ###.
##..#
#...#
#..o##
#o.@###
###)..#
###...#
#..#
..# .#
##


You could see 2 orc priests.

Vanquished Creatures
  A centaur (D:6)
  A jelly (D:4)
  An orc priest (D:4)
  Robin (D:2)
  3 gnolls (D:2)
  An adder (D:3)
  A shadow imp (D:6)
  2 worms
  3 dart slugs
  9 orcs
  3 ball pythons
  6 bats
  11 endoplasms
  5 giant cockroaches
  3 hobgoblins
  A jackal (D:1)
  5 quokkas
  3 frilled lizards
  11 goblins
  12 kobolds
  7 rats
90 creatures vanquished.

Vanquished Creatures (collateral kills)
  A gnoll (D:2)
  An adder (D:2)
  4 goblins (D:2)
  2 hobgoblins (D:2)
8 creatures vanquished.

Grand Total: 98 creatures vanquished

Notes
Turn   | Place    | Note
-------+----------+-------------------------------------------
     0 | D:1      | pokeman the Deep Elf Hedge Wizard began the quest for the
                  | Orb.
     0 | D:1      | Reached XP level 1. HP: 10/10 MP: 7/7
   476 | D:1      | Reached XP level 2. HP: 15/16 MP: 4/9
  1166 | D:1      | Reached skill level 5 in Spellcasting
  1667 | D:2      | Reached XP level 3. HP: 20/20 MP: 8/11
  1671 | D:2      | Learned a level 3 spell: Mephitic Cloud
  1674 | D:2      | Learned a level 2 spell: Call Imp
  1677 | D:2      | Learned a level 2 spell: Blink
  2128 | D:2      | Reached skill level 1 in Fighting
  2128 | D:2      | Reached skill level 1 in Armour
  2133 | D:2      | Reached XP level 4. HP: 2/25 MP: 0/13
  2342 | D:2      | Noticed Robin
  2383 | D:2      | Killed Robin
  2755 | D:3      | Reached skill level 6 in Spellcasting
  2921 | D:3      | Found a burning altar of Makhleb.
  3006 | D:3      | Reached XP level 5. HP: 29/29 MP: 4/15
  3083 | D:3      | Found a glowing silver altar of Zin.
  3088 | D:3      | Found a shadowy altar of Dithmenos.
  3088 | D:3      | Found a stormy altar of Qazlal.
  3096 | D:3      | Found an ancient bone altar of Kikubaaqudgha.
  3100 | D:3      | Found an iron altar of Okawaru.
  3629 | D:4      | Found Heutai's Book Shoppe.
  3820 | D:4      | Reached skill level 1 in Air Magic
  3820 | D:4      | Reached skill level 1 in Poison Magic
  4166 | D:4      | You fall into a shaft and drop 2 floors!
  4248 | D:6      | Found a transporter.
  4295 | D:6      | Noticed a centaur
  4305 | D:6      | Noticed a centaur
  4310 | D:6      | Noticed a water moccasin
  4315 | D:6      | Killed a centaur
  4316 | D:6      | Reached skill level 7 in Spellcasting
  4316 | D:6      | Reached XP level 6. HP: 32/34 MP: 12/18
  4317 | D:5      | Entered Level 5 of the Dungeon
  4343 | D:5      | Killed from afar by an orc priest

Illustrated notes

Levels and vault maps discovered:
D:1:      minmay_arrival_shattered_statue, layout_loops_corners,
          serial_bayou_pond_a, chequers_serial_rivers_micro_e,
          minmay_split_cup_large
D:2:      layout_rooms, uniq_robin
D:3:      layout_loops_ring, minmay_overflow_temple_star_hex,
          mainiacjoe_overflow_tiny_flanked
D:4:      layout_basic, kennysheep_orc_sif_temple, serial_shops,
          nicolae_shop_stone, uniq_sigmund
D:5:      minmay_diamond_boxcup, layout_layer_cave,
          hellmonk_ghost_happy_afterlife, minivault_4, minmay_misc_feat_cross,
          hangedman_glass_teeth, hangedman_decor_growths
D:6:      layout_cave_pods, gammafunk_ghost_gnarly_gnolls

Skill      XL: |  1  2  3  4  5 |
---------------+----------------+-----
Spellcasting   | 5 6 7 |  7.0
Fighting       | 1 |  1.3
Armour         | 1 |  1.0
Conjurations   | 2 3 |  3.1
Stealth        | 3 |  3.0
Dodging        | 3 |  3.0
Air Magic      | 1 |  1.0
Poison Magic   | 1 |  1.1
Summonings     | |  1.6
Translocations | |  1.1

Action                     |  1- 3 |  4- 6 || total
---------------------------+-------+-------++-------
  Melee: Dagger            |    10 |    28 ||    38
         Short sword       |     6 |     1 ||     7
         Punch             |       |     1 ||     1
   Cast: Magic Dart        |   100 |    93 ||   193
         Mephitic Cloud    |     2 |     7 ||     9
         Call Imp          |       |     1 ||     1
   Stab: Confused          |     2 |     4 ||     6
         Sleeping          |       |     1 ||     1
 Armour: Robe              |     3 |     5 ||     8
  Dodge: Dodged            |    18 |    19 ||    37

Table legend: (Time is in decaauts)
 A = Elapsed time spent in this place.
 B = Non-inter-level travel time spent in this place.
 C = Inter-level travel time spent in this place.
 D = Time resting spent in this place.
 E = Time spent auto-exploring this place.
 F = Levels seen in this place.
 G = Mean time per level.
                   A        B        C        D        E       F      G
               +--------+--------+--------+--------+--------+-----+--------+
         Total |   4342 |   4245 |     97 |    151 |   3557 |   6 |  723.7 |
       Dungeon |   4342 |   4245 |     97 |    151 |   3557 |   6 |  723.7 |
               +--------+--------+--------+--------+--------+-----+--------+

Top non-repeatable levels by time:
     D:1: 1665 daAuts
     D:3: 972 daAuts
     D:2: 944 daAuts
     D:4: 582 daAuts
     D:6: 150 daAuts
     D:5: 25 daAuts
